 Dungeon Crawl Stone Soup version 0.21-a0-238-geb0acef (webtiles) character file.

101551 Gorglomux the Alchemist (level 15, -10/74 HPs)
             Began as a Felid Earth Elementalist on Sept 2, 2017.
             Was the Champion of Dithmenos.
             Killed from afar by a nagaraja (43 damage)
             ... with a bolt of poison
             ... on level 4 of the Snake Pit.
             The game lasted 02:06:06 (49827 turns).

Gorglomux the Alchemist (Felid Earth Elementalist) Turns: 49827, Time: 02:06:07

Health: -10/74     AC:  3    Str:  4    XL:     15   Next: 83%
Magic:  18/26      EV: 35    Int: 22    God:    Dithmenos [******]
Gold:   309        SH:  5    Dex: 18    Spells: 1/28 levels left
                                        Lives:  0   Deaths: 4

rFire    . . .     SeeInvis +     - Unarmed
rCold    + . .     Gourm    .   (shield unavailable)
rNeg     . . .     Faith    .   (armour unavailable)
rPois    .         Spirit   .   (helmet unavailable)
rElec    .         Reflect  +   (cloak unavailable)
rCorr    .         Harm     .   (gloves unavailable)
MR       ++...                  (boots unavailable)
Stlth    ++++++++++             j - +5 amulet of reflection
HPRegen  0.22/turn              u - +4 ring of evasion
MPRegen  0.20/turn              P - ring of wizardry

@: lethally poisoned (-10 -> -20), wreathed by umbra, heavily drained, quick
A: no armour, no weapons or thrown items, stealth, claws 1, fangs 3, see
invisible, carnivore 3, speed 1, shaggy fur 3, slow metabolism 1, sharp paws
a: Shadow Step, Shadow Form, Renounce Religion


You were on level 4 of the Snake Pit.
You worshipped Dithmenos.
Dithmenos was exalted by your worship.
You were full.

You visited 4 branches of the dungeon, and saw 27 of its levels.

You collected 2670 gold pieces.
You spent 2361 gold pieces at shops.

Inventory:

Missiles
 X - 348 stones
Jewellery
 c - an uncursed ring of protection from cold
 g - an uncursed ring of resist corrosion
 j - a +5 amulet of reflection (around neck)
 m - the ring of Vomiupept {*Corrode +Fly Dex+7}
   (You found it on level 5 of the Lair of Beasts)

   [ring of flight]

   It affects your dexterity (+7).
   It lets you fly.
   It may corrode you when you take damage.
 o - an uncursed ring of poison resistance
 u - a +4 ring of evasion (left paw)
 y - an uncursed amulet of magic regeneration
 P - a ring of wizardry (right paw)
Wands
 k - a wand of lightning (5/15)
 n - a wand of lightning (1/15)
 r - a wand of iceblast (7/15)
 A - a wand of acid (6/15)
 E - a wand of enslavement (8/24)
 S - a wand of scattershot (6/9)
Scrolls
 p - a scroll of silence
 C - 3 scrolls of amnesia
 H - 3 scrolls of fog
 K - 5 scrolls of recharging
 M - 6 scrolls of magic mapping
 R - a scroll of identify
 T - 15 scrolls of teleportation
 Z - 19 scrolls of remove curse
Potions
 s - 2 potions of brilliance
 x - a potion of resistance
 D - 2 potions of agility
 F - 2 potions of mutation {!q}
 J - a potion of cancellation
 N - 4 potions of haste
 O - 3 potions of berserk rage
 Q - 6 potions of curing
 V - 4 potions of might
 W - 2 potions of heal wounds
 Y - 5 potions of flight
Books
 d - a book of Geomancy

   Spells                             Type                      Level
   a - Sandblast                      Earth                        1
   b - Passwall                       Transmutation/Earth          2
   c - Stone Arrow                    Conjuration/Earth            3
   d - Petrify                        Transmutation/Earth          4
   e - Lee's Rapid Deconstruction     Earth                        5
 l - a book of Debilitation

   Spells                             Type                      Level
   a - Corona                         Hexes                        1
   b - Slow                           Hexes                        2
   c - Inner Flame                    Hexes/Fire                   3
   d - Portal Projectile              Hexes/Translocation          3
   e - Cause Fear                     Hexes                        4
   f - Leda's Liquefaction            Hexes/Earth                  4
 q - a book of Power

   Spells                             Type                      Level
   a - Iskenderun's Battlesphere      Conjuration/Charms           5
   b - Venom Bolt                     Conjuration/Poison           5
   c - Bolt of Magma                  Conjuration/Fire/Earth       5
   d - Iron Shot                      Conjuration/Earth            6
   e - Orb of Destruction             Conjuration                  7
   f - Spellforged Servitor           Conjuration/Summoning        7
 t - a book of Air

   Spells                             Type                      Level
   a - Shock                          Conjuration/Air              1
   b - Swiftness                      Charms/Air                   2
   c - Static Discharge               Conjuration/Air              3
   d - Airstrike                      Air                          4
   e - Lightning Bolt                 Conjuration/Air              5
 w - a book of Ice

   Spells                             Type                      Level
   a - Ice Form                       Ice/Transmutation            4
   b - Metabolic Englaciation         Hexes/Ice                    5
   c - Ozocubu's Refrigeration        Ice                          6
   d - Bolt of Cold                   Conjuration/Ice              6
   e - Freezing Cloud                 Conjuration/Ice/Air          6
   f - Simulacrum                     Ice/Necromancy               6
 B - a book of Necromancy

   Spells                             Type                      Level
   a - Pain                           Necromancy                   1
   b - Animate Skeleton               Necromancy                   1
   c - Vampiric Draining              Necromancy                   3
   d - Regeneration                   Charms/Necromancy            3
   e - Animate Dead                   Necromancy                   4
   f - Control Undead                 Necromancy                   4
 I - a book of the Dragon

   Spells                             Type                      Level
   a - Flame Tongue                   Conjuration/Fire             1
   b - Cause Fear                     Hexes                        4
   c - Bolt of Fire                   Conjuration/Fire             6
   d - Dragon Form                    Transmutation                7
   e - Dragon's Call                  Summoning                    9
 L - Iplawn's Grimoire of Weightlessness and Changing
   (You acquired it on level 2 of the Orcish Mines)

   Spells                             Type                      Level
   a - Beastly Appendage              Transmutation                1
   b - Alistair's Intoxication        Transmutation/Poison         5
   c - Blade Hands                    Transmutation                5
   d - Statue Form                    Transmutation/Earth          6
   e - Tornado                        Air                          9
Miscellaneous
 v - a fan of gales
 U - a box of beasts
Comestibles
 z - 4 meat rations
 G - 3 royal jellies


   Skills:
 + Level 13.5(11.9) Fighting
 - Level 15.6(14.0) Dodging
 - Level 14.4(12.8) Stealth
 - Level 11.1(9.7) Unarmed Combat
 - Level 7.1(5.8) Spellcasting
 - Level 5.7(4.4) Conjurations
   Level 5.0(3.7) Hexes
   Level 8.3(6.9) Charms
 - Level 16.0(14.4) Transmutations
 - Level 9.1(7.7) Earth Magic
 + Level 4.0(2.8) Invocations


You had one spell level left.
You knew the following spells:

 Your Spells              Type           Power        Failure   Level  Hunger
b - Stone Arrow           Conj/Erth      ####..       1%          3    ##.....
c - Passwall              Tmut/Erth      ######....   1%          2    None
d - Petrify               Tmut/Erth      ######..     1%          4    ####...
f - Dragon Form           Tmut           ######....   9%          7    #######
l - Lee's Rapid Deconstr  Erth           #####.....   4%          5    #####..
Y - Statue Form           Tmut/Erth      ######...    6%          6    #######


Dungeon Overview and Level Annotations

Branches:
Dungeon (15/15)            Temple (0/1) D:6            Lair (6/6) D:10
 Shoals (0/4) Lair:4        Snake (4/4) Lair:2        Slime (0/5) Lair:6
    Orc (2/2) D:12            Elf (0/3) Orc:2        Vaults (0/5) D:13
 Depths (0/5) D:15

Altars:
Ashenzari
Dithmenos
Fedhas
Kikubaaqudgha
Nemelex Xobeh
Okawaru
Ru
Sif Muna
Trog
Wu Jian
Yredelemnul
Zin
The Shining One

Shops:
D:7 *   D:9 (*=:   D:12 (   Orc:2 ([*=

Annotations:
D:2 Robin
D:8 exclusion: ice statue
D:9 2 transporters
Snake:3 Vashnia


Innate Abilities, Weirdness & Mutations

You cannot wear armour.
You are incapable of wielding weapons or throwing items.
Your paws allow you to move quietly. (Stealth)
You have sharp claws.
You have razor-sharp teeth.
You have supernaturally acute eyesight. (SInv)
You are carnivorous and can eat meat at any time.
You cover ground quickly.
Your thick and shaggy fur keeps you warm. (AC +3, rC+)
You have a slow metabolism.
Your sharp claws are effective at attacking unaware monsters.


Message History

The nagaraja grabs you!
You emit a cloud of dark smoke!
Butt feel drained!
The nagaraja constricts you!
The salamander shoots an arrow!
The arrow closely misses you!
A naga butt comes into view! It is wielding a mace!
You butt the nagaraja's grasp!
You block the nagaraja's butt! The nagaraja grabs you!
You emit a cloud of dark smoke!
You feel drained! The nagaraja constricts you!
You escape the nagaraja's grasp!
Unknown command!
You emerge from the shadows!
The naga warrior completely misses you! The naga warrior misses you!
Unknown command!
Unknown command!
The salamander seems to regain its courage!
Unknown command!
The nagaraja gestures at butt while chanting!
The bolt of poison hits you!!!
You are butt!
DANG rip

######N§§§S.###**,,,, #§§§..N#
****, #§§§.§.# ** #§§§§§.# **
#N§§§§.# ****,
######NNN§..###**,,,,
*####.....NN......N.,,,,,
****................#..,,,,,
***,,,.......@........#,.,,,,,
*,,,,,..................,,****
******###################**


You could see a naga warrior, 2 nagarajas, a salamander mystic, a salamander and
a naga mage.

Vanquished Creatures
  Jorgrun (Snake:2)
  Gastronok (Lair:2)
  Kirke (Lair:5)
  4 nagarajas
  Aizul (Snake:2)
  Azrael (Snake:2)
  Josephine (D:10)
  The ghost of p0werm0de the Martial Artist, a journeyman DsFi of Makhleb (Lair:5)
  2 fire dragons
  A rakshasa (D:14)
  An ogre mage (Orc:1)
  10 hydras
  Harold (Orc:1)
  7 vault guards
  15 naga warriors
  9 anacondas
  A death knight (D:11)
  12 two-headed ogres
  8 centaur warriors
  4 tengu warriors
  A vampire mage (D:15)
  8 naga sharpshooters
  7 shock serpents
  2 salamander mystics
  A titan skeleton (D:15)
  2 skeletal warriors (D:15)
  2 unseen horrors
  7 naga ritualists
  A lindwurm (Lair:6)
  A necromancer (D:15)
  An iron dragon zombie (D:15)
  An oklob plant (D:10)
  16 mana vipers
  An orc sorcerer (Orc:1)
  7 orc knights
  A wolf spider zombie (D:15)
  7 cyclopes
  6 ugly things
  The ghost of Gorglomux the Covert, a novice SpHu of Dithmenos (D:9)
  A wolf spider (Lair:5)
  3 manticores
  3 deep elf magi
  3 merfolk sirens (Lair:4)
  5 salamanders
  2 guardian serpents
  14 naga magi
  3 molten gargoyles (Lair:6)
  33 black mambas
  2 gargoyles
  A frost giant skeleton (D:15)
  8 spiny frogs
  3 kobold demonologists
  4 rime drakes
  A freezing wraith (D:10)
  11 komodo dragons
  A merfolk (Lair:4)
  8 trolls
  3 meliai (D:13)
  A polar bear (Lair:4)
  A jumping spider (shapeshifter) (D:14)
  A hornet (D:10)
  Prince Ribbit (D:5)
  4 slime creatures (D:12)
  11 blink frogs
  2 meliai zombies (D:15)
  5 dream sheep (Lair:5)
  A fire dragon zombie (D:15)
  8 hippogriffs
  A spriggan (D:7)
  3 vampires
  A water elemental (D:14)
  A shadow (D:12)
  7 wraiths
  34 yaks
  6 wyverns
  2 hungry ghosts
  9 basilisks
  A hog (Lair:5)
  A steam dragon (Lair:6)
  4 fire elementals
  4 vampire mosquitoes
  Menkaure (D:7)
  58 nagas
  A warg (Orc:2)
  An acid dragon (D:13)
  A soldier ant (D:10)
  5 hell hounds
  18 water moccasins
  14 porcupines
  5 sky beasts
  A meliai simulacrum (D:14)
  31 orc warriors
  5 ice beasts
  2 eyes of draining (D:13)
  2 phantoms
  A black bear (D:12)
  A hornet zombie (D:13)
  8 necrophages
  4 wolves (Lair:4)
  16 ogres
  27 centaurs
  19 crocodiles
  22 bullfrogs
  A big kobold (D:8)
  2 wyvern skeletons (D:11)
  3 scorpions
  9 killer bees
  4 wights (D:9)
  6 howler monkeys
  3 electric eels (Lair:3)
  4 lava snakes (Lair:6)
  10 crimson imps
  A bullfrog zombie (D:12)
  5 centaur zombies
  A quasit (D:13)
  23 orc priests
  7 hounds
  7 jellies
  3 bullfrog skeletons
  7 orc wizards
  2 centaur skeletons
  Ijyb (D:5)
  8 iguanas
  11 worker ants
  The ghost of p0werm0de the Skirmisher, a weakling DsFi (D:3)
  2 hound zombies (D:5)
  A worker ant zombie (D:9)
  A howler monkey zombie (D:9)
  21 adders
  3 shadow imps
  3 oozes
  2 adder skeletons
  3 worms
  2 dart slugs (D:4)
  9 leopard geckos
  77 orcs
  2 ball pythons
  5 giant cockroaches
  14 goblins
  6 hobgoblins
  23 jackals
  10 kobolds
  4 quokkas
  9 bats
  4 frilled lizards
  2 leopard gecko skeletons
  7 rats
945 creatures vanquished.

Vanquished Creatures (collateral kills)
  A komodo dragon (Lair:6)
1 creature vanquished.

Vanquished Creatures (others)
  A naga sharpshooter (Snake:3)
  A wyvern (Lair:4)
  A hog (Lair:5)
  A naga (Snake:4)
  A jackal (D:5)
  23 fungi
  63 plants
  2 withered plants (D:15)
93 creatures vanquished.

Grand Total: 1039 creatures vanquished

Notes
Turn   | Place    | Note
-------+----------+-------------------------------------------
     0 | D:1      | Gorglomux the Felid Earth Elementalist began the quest for the Orb.
     0 | D:1      | Reached XP level 1. HP: 7/7 MP: 4/4
   328 | D:1      | Reached skill level 3 in Earth Magic
   328 | D:1      | Reached XP level 2. HP: 11/11 MP: 4/6
   811 | D:2      | Found a shadowy altar of Dithmenos.
   823 | D:2      | Became a worshipper of Dithmenos the Shadowed
  1258 | D:2      | Reached XP level 3. HP: 14/14 MP: 2/8
  1361 | D:2      | Found an iron altar of Okawaru.
  1754 | D:2      | Noticed Robin
  1895 | D:2      | Reached skill level 3 in Spellcasting
  1900 | D:2      | Learned a level 3 spell: Stone Arrow
  2016 | D:2      | Reached skill level 1 in Conjurations
  2150 | D:2      | Reached XP level 4. HP: 18/18 MP: 1/9
  2297 | D:3      | Noticed p0werm0de's ghost (weakling DsFi)
  2399 | D:3      | Killed p0werm0de's ghost
  2669 | D:3      | Slain by an orc
  2670 | D:3      | Reached XP level 3. HP: -2/14 MP: 3/8
  2693 | D:3      | Reached * piety under Dithmenos
  2789 | D:3      | Learned a level 2 spell: Passwall
  3021 | D:3      | Found a glowing silver altar of Zin.
  3075 | D:3      | Reached skill level 3 in Stealth
  3094 | D:3      | Reached XP level 4. HP: 16/18 MP: 0/9
  4066 | D:3      | Reached XP level 5. HP: 13/21 MP: 0/10
  4513 | D:3      | Learned a level 4 spell: Petrify
  4688 | D:4      | Noticed an ogre
  4719 | D:4      | Killed an ogre
  4719 | D:4      | Reached skill level 6 in Stealth
  4824 | D:4      | Reached skill level 3 in Dodging
  4824 | D:4      | Gained mutation: You are covered in thick fur. (AC +2) [Felid growth]
  4824 | D:4      | Reached XP level 6. HP: 24/24 MP: 4/11
  6165 | D:4      | Reached skill level 1 in Fighting
  6351 | D:4      | Reached skill level 1 in Unarmed Combat
  6476 | D:4      | Reached XP level 7. HP: 30/30 MP: 3/12
  6572 | D:4      | Reached ** piety under Dithmenos
  6686 | D:5      | Entered Level 5 of the Dungeon
  6858 | D:5      | Found an ornate altar of the Wu Jian Council.
  6873 | D:5      | Reached skill level 2 in Transmutations
  7108 | D:5      | Noticed Prince Ribbit
  7356 | D:5      | Killed Prince Ribbit
  7356 | D:5      | Reached skill level 3 in Transmutations
  7691 | D:5      | Noticed Ijyb
  7813 | D:5      | Killed Ijyb
  7813 | D:5      | Reached skill level 4 in Transmutations
  7813 | D:5      | Reached XP level 8. HP: 5/33 MP: 7/15
  8345 | D:5      | Reached skill level 5 in Transmutations
  8825 | D:5      | Found a deep blue altar of Sif Muna.
  8827 | D:5      | Found a bloodstained altar of Trog.
  8886 | D:5      | Found a sacrificial altar of Ru.
  8992 | D:6      | Found a staircase to the Ecumenical Temple.
  9046 | D:6      | Reached skill level 6 in Spellcasting
  9373 | D:6      | Learned a level 5 spell: Lee's Rapid Deconstruction
  9409 | D:6      | Learned a level 3 spell: Regeneration
  9428 | D:6      | Found a blossoming altar of Fedhas.
  9497 | D:6      | Reached XP level 9. HP: 36/36 MP: 11/19
  9618 | D:6      | Found a sparkling altar of Nemelex Xobeh.
  9763 | D:6      | Reached skill level 6 in Earth Magic
 10273 | D:6      | Found a glowing golden altar of the Shining One.
 10384 | D:7      | Found a shattered altar of Ashenzari.
 10393 | D:7      | Found Ugargh's General Store.
 10401 | D:7      | Bought a scroll of teleportation for 30 gold pieces
 10401 | D:7      | Bought a scroll of identify for 20 gold pieces
 10401 | D:7      | Bought a scroll of immolation for 35 gold pieces
 10401 | D:7      | Bought a scroll of blinking for 75 gold pieces
 10401 | D:7      | Bought a scroll of magic mapping for 35 gold pieces
 10604 | D:7      | Reached *** piety under Dithmenos
 10935 | D:7      | Noticed Menkaure
 10946 | D:7      | Killed Menkaure
 10946 | D:7      | Reached skill level 3 in Fighting
 11143 | D:7      | Reached skill level 3 in Unarmed Combat
 11382 | D:7      | Reached skill level 6 in Dodging
 11902 | D:8      | Noticed a two-headed ogre
 11920 | D:8      | Killed a two-headed ogre
 11920 | D:8      | Reached XP level 10. HP: 43/43 MP: 5/20
 11946 | D:8      | Found a basalt altar of Yredelemnul.
 12244 | D:8      | Noticed an ice statue
 12294 | D:8      | Reached **** piety under Dithmenos
 12764 | D:8      | Reached skill level 9 in Stealth
 12956 | D:9      | Noticed a two-headed ogre
 12967 | D:9      | Killed a two-headed ogre
 13136 | D:9      | Found an ancient bone altar of Kikubaaqudgha.
 13163 | D:9      | Found Beittot's Antique Weapon Shop.
 13206 | D:9      | Noticed a yaktaur captain
 13207 | D:9      | Found a transporter.
 13207 | D:9      | Found a transporter.
 13208 | D:9      | Found the brooch of Shielding {Reflect SH+8}
 13237 | D:9      | Noticed a catoblepas
 13284 | D:9      | Found Cazelown's Jewellery Shop.
 13316 | D:9      | Noticed Gorglomux's ghost (novice SpHu)
 13929 | D:9      | Found Duaps's Book Shop.
 14100 | D:9      | Found Woem's Assorted Antiques.
 14108 | D:9      | Bought a scroll labeled TITIBL DADUICW for 22 gold pieces
 14108 | D:9      | Bought a scroll of teleportation for 66 gold pieces
 14134 | D:10     | Entered Level 10 of the Dungeon
 14141 | D:10     | Noticed an orange demon
 14403 | D:10     | Noticed a two-headed ogre
 14415 | D:10     | Killed a two-headed ogre
 14415 | D:10     | Reached skill level 6 in Fighting
 14610 | D:10     | Noticed Josephine
 14627 | D:10     | Reached XP level 11. HP: 48/48 MP: 4/21
 14780 | D:10     | Noticed an oklob plant
 14936 | D:9      | Reached skill level 9 in Dodging
 15496 | D:9      | Killed Gorglomux's ghost
 15496 | D:9      | Reached skill level 6 in Unarmed Combat
 15904 | D:10     | Noticed a two-headed ogre
 15912 | D:10     | Killed a two-headed ogre
 16264 | D:10     | Found a staircase to the Lair.
 16270 | D:10     | Killed an oklob plant
 16311 | D:10     | Reached ***** piety under Dithmenos
 16448 | D:10     | Killed from afar by Josephine
 16449 | D:10     | Reached XP level 10. HP: -1/46 MP: 10/20
 16475 | D:11     | Noticed a purple ugly thing
 16485 | D:11     | Killed a purple ugly thing
 16540 | D:11     | Noticed a cyclops
 16541 | D:11     | Noticed a cyclops
 16546 | D:11     | Killed a cyclops
 16547 | D:11     | Found a bloodstained altar of Trog.
 16547 | D:11     | Noticed a two-headed ogre
 16547 | D:11     | Noticed an eight-headed hydra
 16597 | D:11     | Killed a two-headed ogre
 16772 | D:10     | Killed Josephine
 16772 | D:10     | Reached XP level 11. HP: 51/51 MP: 13/21
 17171 | D:11     | Noticed a death knight
 17193 | D:11     | Killed a death knight
 17697 | D:11     | Killed an eight-headed hydra
 17945 | D:12     | Noticed an unseen horror
 17957 | D:12     | Killed an unseen horror
 18346 | D:12     | Noticed an orc knight
 18347 | D:12     | Found a staircase to the Orcish Mines.
 18347 | D:12     | Found Amiutyts's Weapon Shop.
 18371 | D:12     | Killed an orc knight
 18529 | D:12     | Reached skill level 9 in Fighting
 18529 | D:12     | Reached skill level 12 in Dodging
 19194 | D:12     | Reached skill level 9 in Unarmed Combat
 19525 | D:12     | Noticed a deep elf mage
 19533 | D:12     | Killed a deep elf mage
 19548 | D:12     | Gained mutation: Your thick and shaggy fur keeps you warm. (AC +3, rC+) [Felid growth]
 19548 | D:12     | Reached XP level 12. HP: 57/57 MP: 2/22
 20228 | Lair:1   | Entered Level 1 of the Lair of Beasts
 20783 | Lair:1   | Learned a level 4 spell: Cause Fear
 20858 | Lair:1   | Noticed Gastronok
 21927 | Lair:2   | Reached skill level 1 in Hexes
 21983 | Lair:2   | Found a staircase to the Snake Pit.
 22285 | Lair:2   | Killed Gastronok
 22528 | Lair:2   | Reached skill level 3 in Hexes
 23022 | Lair:2   | Reached skill level 6 in Transmutations
 23158 | Lair:2   | Noticed a four-headed hydra
 23190 | Lair:2   | Killed a four-headed hydra
 24043 | Lair:3   | Reached XP level 13. HP: 48/61 MP: 23/23
 24384 | Lair:4   | Found a staircase to the Shoals.
 24405 | Lair:4   | Reached skill level 7 in Transmutations
 25191 | Lair:4   | Reached ****** piety under Dithmenos
 25280 | Lair:4   | Reached skill level 8 in Transmutations
 25280 | Lair:4   | Reached skill level 9 in Earth Magic
 25554 | Lair:4   | Reached skill level 9 in Transmutations
 26695 | Lair:5   | Reached skill level 10 in Transmutations
 26984 | Lair:5   | Noticed p0werm0de's ghost (journeyman DsFi)
 27104 | Lair:5   | Killed p0werm0de's ghost
 27558 | Lair:5   | Reached skill level 1 in Charms
 28032 | Lair:5   | Got a bound bone ring
 28054 | Lair:5   | Noticed Kirke
 28078 | Lair:5   | Noticed a sphinx
 28108 | Lair:5   | Paralysed by a sphinx for 3 turns
 28169 | Lair:5   | Killed Kirke
 28169 | Lair:5   | Reached skill level 3 in Charms
 28515 | Lair:5   | Identified the ring of Vomiupept {*Corrode +Fly Dex+7} (You found it on level 5 of the Lair of Beasts)
 28833 | Lair:6   | Entered Level 6 of the Lair of Beasts
 28942 | Lair:6   | Reached XP level 14. HP: 66/66 MP: 2/25
 29084 | Lair:6   | Learned a level 5 spell: Iskenderun's Battlesphere
 29243 | Lair:6   | Found a staircase to the Slime Pits.
 29617 | Lair:6   | Reached skill level 3 in Conjurations
 29980 | Lair:6   | Reached skill level 6 in Charms
 30869 | Lair:6   | Found a large runed door.
 30870 | Lair:6   | Found a large runed door.
 32835 | D:13     | Found a gate to the Vaults.
 33636 | D:13     | Reached skill level 12 in Stealth
 33636 | D:13     | Reached skill level 11 in Transmutations
 35083 | D:14     | Reached XP level 15. HP: 59/69 MP: 22/26
 35526 | D:15     | Entered Level 15 of the Dungeon
 36273 | D:15     | Reached skill level 12 in Transmutations
 36711 | D:15     | Reached skill level 15 in Dodging
 37021 | D:15     | Found a staircase to the Depths.
 38091 | Orc:1    | Entered Level 1 of the Orcish Mines
 38215 | Orc:1    | Noticed Harold
 38227 | Orc:1    | Killed Harold
 38816 | D:9      | Bought a book of the Dragon for 1350 gold pieces
 38826 | D:9      | Learned a level 7 spell: Dragon Form
 39085 | Orc:1    | Found a bloodstained altar of Trog.
 39263 | Orc:2    | Entered Level 2 of the Orcish Mines
 39357 | Orc:2    | Found a staircase to the Elven Halls.
 39369 | Orc:2    | Was placed under penance by Dithmenos
 39374 | Orc:2    | Was forgiven by Dithmenos
 39411 | Orc:2    | Shot with a bolt by an orc warrior
 39412 | Orc:2    | Reached XP level 14. HP: -2/99 MP: 25/25
 39477 | Orc:2    | Reached skill level 13 in Transmutations
 40471 | Orc:2    | Found Ninwylal's Antique Armour Shoppe.
 40471 | Orc:2    | Found Ekhlinorph's General Store.
 40473 | Orc:2    | Found Otrenyib's Jewellery Shop.
 40475 | Orc:2    | Found Gaos's Weapon Emporium.
 40490 | Orc:2    | Bought a scroll of acquirement for 728 gold pieces
 40490 | Orc:2    | Identified Iplawn's Grimoire of Weightlessness and Changing (You acquired it on level 2 of the Orcish Mines)
 40500 | Orc:2    | Learned a level 6 spell: Statue Form
 40641 | Snake:1  | Entered Level 1 of the Snake Pit
 41731 | Snake:1  | Reached skill level 14 in Transmutations
 41888 | Snake:1  | Reached XP level 15. HP: 69/69 MP: 17/26
 42480 | Snake:1  | Reached skill level 15 in Transmutations
 43637 | Snake:2  | Noticed Jorgrun
 43642 | Snake:2  | Killed Jorgrun
 43642 | Snake:2  | Reached skill level 16 in Transmutations
 44086 | Snake:2  | Noticed Aizul
 44101 | Snake:2  | HP: 2/103 [Aizul/bolt of poison (10)]
 44138 | Snake:1  | Killed from afar by a shock serpent
 44139 | Snake:1  | Reached XP level 14. HP: -3/99 MP: 15/25
 44404 | Snake:2  | Killed Aizul
 44675 | Snake:2  | Noticed Azrael
 44992 | Snake:2  | Killed Azrael
 45821 | Snake:3  | Noticed a nagaraja
 45827 | Snake:3  | Reached XP level 15. HP: 71/71 MP: 19/26
 45831 | Snake:3  | Killed a nagaraja
 46396 | Snake:3  | Reached skill level 12 in Fighting
 47135 | Snake:3  | Noticed Vashnia
 48773 | Snake:4  | Entered Level 4 of the Snake Pit
 49078 | Snake:4  | Reached skill level 1 in Invocations
 49182 | Snake:4  | Noticed a nagaraja
 49200 | Snake:4  | Killed a nagaraja
 49419 | Snake:4  | Reached skill level 3 in Invocations
 49443 | Snake:4  | Noticed a nagaraja
 49547 | Snake:4  | Noticed a nagaraja
 49571 | Snake:4  | Killed a nagaraja
 49778 | Snake:4  | Noticed a nagaraja
 49779 | Snake:4  | Noticed a nagaraja
 49780 | Snake:4  | Killed a nagaraja
 49801 | Snake:4  | Noticed a nagaraja
 49808 | Snake:4  | Noticed a nagaraja
 49827 | Snake:4  | Killed from afar by a nagaraja

Vault maps used:
D:1:      dpeg_arrival_water_temple_mockup
D:2:      nicolae_overflow_hidden_temple,
          nicolae_dithmenos_through_a_glass_darkly, uniq_robin
D:3:      minmay_wonky_spiral, zin_statuary, first_bread
D:4:      minmay_misc_feat_x
D:5:      overflow_temple_1_default, minitemple, nicolae_ru_path_of_blood,
          uniq_ijyb, uniq_prince_ribbit1
D:6:      nemelex_xobeh_ov_fountains_minmay, marbit_many_paths,
          lemuel_crystal_altar, minmay_temple_entry_steel_oval
D:7:      ashenzari_conservatory_becter, serial_shops, nicolae_shop_crystal,
          the_bakery, kennysheep_generic_room_8, uniq_menkaure
D:8:      cheibrodos_frozen_isle, basic_altar, minmay_misc_feat_plants
D:9:      gammafunk_sealed_arena, lemuel_round_altar, serial_shops,
          nicolae_shop_stone, nicolae_shop_behind_doors, kennysheep_mini,
          nicolae_shop_stone
D:10:     dpeg_oklobed_lair, uniq_josephine
D:11:     lab_entry_generic, minmay_ruined_shrine
D:12:     orc_david_3
D:13:     erik_vaults_2
D:14:     minmay_crystal_water
D:15:     gammafunk_depths_entry_grave, hangedman_abyss_or_decor_lesser_grid
Lair:1:   uniq_gastronok
Lair:2:   minmay_snake_entry_guardpost_large, serial_bayou_shore_a
Lair:3:   st_stairs_7
Lair:4:   elwin_shoals_entry_stream, wad_woods_road_02, grunt_megastairs_1,
          lemuel_fruit_fields
Lair:5:   minmay_lair_venomous_thicket, roderic_carrion_pond, uniq_kirke
Lair:6:   cheibrodos_lair_end_hotspot, slime_dummy
Snake:1:  cheibrodos_snake_ritualist_ritual, portal_ice_cave_entry_pillars_1
Snake:2:  spider_trap, st_stairs_8, uniq_azrael, uniq_jorgrun, uniq_aizul
Snake:3:  uniq_vashnia
Snake:4:  minmay_snake_end_coiled, basic_altar, grunt_ministairs_1,
          minmay_shoptagon
Orc:1:    trog_butcher_becter, uniq_harold, uniq_snorg
Orc:2:    st_orc_rangers

Skill      XL: |  1  2  3  4  5  6  7  8  9 10 11 12 13 14 15 |
---------------+----------------------------------------------+-----
Earth Magic    | 3 5 7 8 9 |  9.1
Spellcasting   | 3 4 6 7 |  7.1
Conjurations   | 2 5 |  5.7
Stealth        | 3 5 6 8 10 11 12 14 | 14.4
Dodging        | 3 5 6 10 12 13 14 15 | 15.6
Fighting       | 2 4 7 9 10 11 13 | 13.5
Unarmed Combat | 2 4 7 9 10 11 | 11.1
Transmutations | 4 5 6 10 14 16 | 16.0
Hexes          | 4 5 |  5.0
Charms         | 4 8 |  8.3
Invocations    | 4 |  4.0

Action                   |  1- 3 |  4- 6 |  7- 9 | 10-12 | 13-15 || total
-------------------------+-------+-------+-------+-------+-------++-------
Melee: Unarmed           |    39 |    69 |   208 |   512 |  1211 ||  2039
       Bite              |       |     4 |    25 |    40 |   113 ||   182
       Punch             |       |       |     3 |    13 |    43 ||    59
       Tailslap          |       |       |       |       |    64 ||    64
 Cast: Sandblast         |    62 |    79 |    45 |   112 |   150 ||   448
       Stone Arrow       |     9 |    42 |    73 |    94 |   135 ||   353
       Petrify           |       |       |    21 |   140 |   185 ||   346
       Lee's Rapid Decon |       |       |     7 |    37 |    72 ||   116
       Cause Fear        |       |       |       |       |     3 ||     3
       Dragon Form       |       |       |       |       |    67 ||    67
       Iskenderun's Batt |       |       |       |       |    29 ||    29
       Statue Form       |       |       |       |       |     6 ||     6
Invok: Shadow Step       |       |       |       |     1 |     5 ||     6
       Shadow Form       |       |       |       |       |     1 ||     1
 Abil: Breathe Fire      |       |       |       |       |     1 ||     1
Evoke: Wand              |       |       |       |       |     7 ||     7
  Use: Scroll            |       |    10 |     4 |    10 |    17 ||    41
       Potion            |       |     2 |       |     2 |     4 ||     8
 Stab: Sleeping          |     5 |     4 |    17 |    32 |    72 ||   130
       Petrified         |       |       |    29 |    68 |   115 ||   212
       Distracted        |       |       |     1 |     3 |     3 ||     7
       Petrifying        |       |       |     3 |    12 |    42 ||    57
  Eat: Chunk             |    15 |    13 |    20 |    53 |   113 ||   214
       Meat ration       |       |       |       |       |     5 ||     5
Armor: Skin              |     1 |    14 |    11 |    13 |   129 ||   168
Dodge: Dodged            |    37 |    90 |   208 |   551 |  1222 ||  2108
Block: Other             |       |       |       |     8 |   165 ||   173
       Reflection        |       |       |       |       |    21 ||    21

Table legend:
 A = Spawn XP
 B = Non-spawn XP
 C = Spawn XP percentage of total XP
 D = Spawn monster count
 E = Non-spawn monster count
 F = Spawn count percentage of total count
 G = Total turns spent on level
                    A         B        C        D         E        F      G
               +---------+---------+-------+---------+---------+-------+---------
         Total |   44542 |  200271 |  18.2 |     178 |     769 |  18.8 | 49827
               +---------+---------+-------+---------+---------+-------+---------
           D:1 |       0 |      20 |   0.0 |       0 |      13 |   0.0 |   912
           D:2 |      23 |      55 |  29.5 |       6 |      19 |  24.0 |  1460
           D:3 |      29 |     138 |  17.4 |       7 |      27 |  20.6 |  2138
           D:4 |     155 |     484 |  24.3 |       2 |      26 |   7.1 |  2176
           D:5 |     132 |    1237 |   9.6 |       5 |      27 |  15.6 |  2288
           D:6 |     401 |     742 |  35.1 |      10 |      14 |  41.7 |  1410
           D:7 |     430 |    1191 |  26.5 |       6 |      19 |  24.0 |  1145
           D:8 |     421 |    1567 |  21.2 |       9 |      25 |  26.5 |  2044
           D:9 |     177 |    2832 |   5.9 |       3 |      22 |  12.0 |  1767
          D:10 |    1192 |    6359 |  15.8 |      19 |      20 |  48.7 |  2200
          D:11 |     122 |    7027 |   1.7 |       2 |      29 |   6.5 |  1170
          D:12 |    3137 |    5679 |  35.6 |      21 |      34 |  38.2 |  2431
          D:13 |    3304 |   11972 |  21.6 |       5 |      30 |  14.3 |  1911
          D:14 |    7133 |    7955 |  47.3 |      14 |      25 |  35.9 |  2200
          D:15 |    3504 |   13038 |  21.2 |       8 |      25 |  24.2 |  1840
        Lair:1 |     107 |    3517 |   3.0 |       1 |      17 |   5.6 |  1315
        Lair:2 |    1282 |    6639 |  16.2 |       7 |      18 |  28.0 |  2217
        Lair:3 |     358 |    2279 |  13.6 |       1 |      15 |   6.2 |   730
        Lair:4 |    2053 |    9503 |  17.8 |       7 |      31 |  18.4 |  2116
        Lair:5 |     971 |   12479 |   7.2 |       1 |      51 |   1.9 |  2442
        Lair:6 |    2370 |   11237 |  17.4 |       9 |      42 |  17.6 |  2717
       Snake:1 |    6129 |   23282 |  20.8 |      12 |      41 |  22.6 |  3024
       Snake:2 |    5380 |   16779 |  24.3 |      11 |      33 |  25.0 |  2235
       Snake:3 |    5263 |   20647 |  20.3 |      10 |      37 |  21.3 |  2688
       Snake:4 |     157 |   17041 |   0.9 |       1 |      30 |   3.2 |   999
         Orc:1 |       0 |    8390 |   0.0 |       0 |      40 |   0.0 |  1131
         Orc:2 |     312 |    8182 |   3.7 |       1 |      59 |   1.7 |  1121
               +---------+---------+-------+---------+---------+-------+---------
